 Dungeon Crawl Stone Soup version 0.31.0-9-g3a7656b989 (webtiles) character file.

Game seed: 12465984403980943283

11742 Eitelfritz the Cleaver (level 11, -26/97 HPs)
             Began as a Hill Orc Fighter on Feb 2, 2024.
             Was an Elder of Zin.
             Annihilated by a titanic slime creature (84 damage)
             ... on level 12 of the Dungeon.
             The game lasted 00:20:49 (10125 turns).

Eitelfritz the Cleaver (Hill Orc Fighter)          Turns: 10125, Time: 00:20:50

Health: -26/97     AC: 22    Str: 24    XL:     11   Next: 82%
Magic:  16/16      EV: 13    Int:  8    God:    Zin [****..]
Gold:   1865       SH: 11    Dex: 10    Spells: 10/10 levels left

rFire   . . .        a - +0 war axe (spect)
rCold   . . .        c - +0 buckler
rNeg    . . .        B - +0 plate armour
rPois   .            t - +2 helmet
rElec   .            e - +2 cloak
rCorr   .            H - +0 pair of gloves
SInv    .            (no boots)
Will    .....        r - amulet of reflection Stlth
                     q - +5 ring of evasion
HPRegen 0.36/turn    (no ring)
MPRegen 0.15/turn

%: reflection
@: on recite cooldown
A: no striking features
a: Renounce Religion, Recite, Vitalisation, Imprison, Donate Gold


You were on level 12 of the Dungeon.
You worshipped Zin.
Zin was greatly pleased with you.
You visited 2 branches of the dungeon, and saw 13 of its levels.

You collected 2259 gold pieces.
You spent 249 gold pieces at shops.
You donated 145 gold pieces to Zin.

Inventory:

Hand Weapons
 a - a +0 spectral war axe (weapon)
 b - a +0 sling
 i - a +0 war axe
 y - a +4 battleaxe of freezing
 C - a +2 morningstar of flaming
Missiles
 f - 8 boomerangs (quivered)
 j - 19 poisoned darts
 x - 2 throwing nets
 D - a curare-tipped dart
Armour
 c - a +0 buckler (worn)
 e - a +2 cloak (worn)
 t - a +2 helmet (worn)
 B - a +0 plate armour (worn)
 F - +0 steam dragon scales
 G - a +0 troll leather armour
 H - a +0 pair of gloves (worn)
Jewellery
 n - an amulet of magic regeneration
 q - a +5 ring of evasion (left hand)
 r - an amulet of reflection (around neck)
 J - a ring of protection from cold
Wands
 E - a wand of charming (11)
Scrolls
 g - 2 scrolls of vulnerability
 h - a scroll of summoning
 l - 5 scrolls of teleportation
 m - 5 scrolls of identify
 u - a scroll of fog
 w - a scroll of brand weapon
 A - a scroll of poison
 I - a scroll of enchant weapon {unknown}
Potions
 d - 2 potions of might
 k - a potion of attraction
 o - a potion of berserk rage
 p - a potion of mutation
 s - 2 potions of heal wounds
 v - a potion of brilliance
 z - 4 potions of curing


   Skills:
 + Level 9.0 Fighting
 + Level 14.6 Axes
 + Level 9.4 Armour
 + Level 2.8 Dodging
 + Level 2.2 Stealth
 + Level 8.7 Shields
 * Level 7.3 Invocations


You had 10 spell levels left.
You didn't know any spells.
Your spell library contained the following spells:

 Spells                   Type           Power      Damage    Failure   Level
 Apportation              Tloc           0%         N/A       99%         1
 Magic Dart               Conj           0%         1d3       99%         1
 Cigotuvi's Dreadful Rot  Necr/Alch/Air  0%         N/A       100%        2
 Jinxbite                 Hex            0%         N/A       100%        2
 Mercury Vapours          Alch/Air       0%         N/A       100%        2
 Searing Ray              Conj           0%         2d4       100%        2
 Inner Flame              Hex/Fire       0%         N/A       100%        3
 Mephitic Cloud           Conj/Alch/Air  0%         N/A       100%        3
 Ozocubu's Armour         Ice            0%         N/A       100%        3
 Fulminant Prism          Conj/Alch      0%         3d5       100%        4
 Alistair's Intoxication  Alch           0%         N/A       100%        5
 Freezing Cloud           Conj/Ice/Air   0%         6-21      100%        5
 Irradiate                Conj/Alch      0%         3d11      100%        5
 Metabolic Englaciation   Hex/Ice        0%         N/A       100%        5
 Summon Forest            Summ/Tloc      0%         N/A       100%        5
 Eringya's Noxious Bog    Alch           0%         4d6       100%        6
 Sculpt Simulacrum        Ice/Alch       0%         N/A       100%        6
 Summon Hydra             Summ           0%         N/A       100%        7
 Ignition                 Fire           0%         3d3       100%        8


Dungeon Overview and Level Annotations

Branches:
Dungeon (11/15)            Temple (1/1) D:6             Orc (0/2) D:11
   Lair: D:8-11

Altars:
Ashenzari
Cheibriados
Dithmenos
Elyvilon
Fedhas
Gozag
Hepliaklqana
Kikubaaqudgha
Makhleb
Nemelex Xobeh
Okawaru
Qazlal
Ru
Sif Muna
Trog
Uskayaw
Vehumet
Wu Jian
Xom
Yredelemnul
Zin
The Shining One

Shops:
D:7 (


Message History

Two slime creatures merge to form a very large slime creature.
You slash the very large slime creature!
The very large slime creature is moderately wounded.
You slash the slime creature!
Your +0 spectral war axe hits the very large slime creature.
Your +0 spectral war axe hits the slime creature. x2
Your +0 spectral war axe barely misses the very large slime creature.
Unknown command.
You barely miss the very large slime creature.
The very large slime creature is moderately wounded.
You slash the slime creature!
Your +0 spectral war axe hits the very large slime creature!
Your +0 spectral war axe hits the slime creature.
Your +0 spectral war axe hits the slime creature but does no damage.
Your +0 spectral war axe hits the very large slime creature!
The very large slime creature hits you but does no damage.
The slime creature hits your +0 spectral war axe!
Your spectral weapon shares its damage with you!
Two slime creatures merge to form an enormous slime creature.
You slash the enormous slime creature!
The enormous slime creature is heavily wounded.
You hit the slime creature.
Your +0 spectral war axe hits the enormous slime creature.
Your +0 spectral war axe hits the slime creature.
Your +0 spectral war axe hits the slime creature!
Your +0 spectral war axe hits the enormous slime creature!
The slime creature hits your +0 spectral war axe.
Your spectral weapon shares its damage with you!
Two slime creatures merge to form a titanic slime creature.
You strike the helpless slime creature from behind!
You hit the slime creature but do no damage.
The slime creature is almost dead.
You slash the titanic slime creature!
Your +0 spectral war axe barely misses the slime creature.
Your +0 spectral war axe hits the titanic slime creature! x2
Your +0 spectral war axe hits the slime creature.
You kill the slime creature!
The titanic slime creature hits you!!!!
Ouch! That really hurt!
You die...

#####+###.#####''######
..........#...........#
..........#...........#
..........#...........#
..........+...........#
..........#...........#
..........#...††.....(#
..........####'########.
................@J......
................(.......
###+##..................
#..................
#............######
#............#
#....######### #....#


You could see a titanic slime creature and a friendly +0 spectral war axe.

Vanquished Creatures
  2 two-headed ogres
  Pikel (D:6)
  A cyclops (D:10)
  A kobold demonologist (D:9)
  A komodo dragon (D:9)
  3 trolls
  A hornet (D:10)
  A slime creature (D:12)
  A vampire (D:9)
  A wyvern (D:8)
  A wraith (D:11)
  19 yaks
  3 steam dragons
  4 vampire mosquitoes (D:12)
  A water moccasin (D:8)
  2 orc warriors (D:9)
  2 black bears (D:5)
  An ice beast (D:7)
  2 sky beasts
  An ogre (D:4)
  6 centaurs
  A phantom (D:7)
  3 kobold brigands (D:10)
  7 bullfrogs
  2 gnoll sergeants
  A scorpion (D:5)
  9 wights
  11 killer bees
  3 howler monkeys (D:10)
  An electric eel (D:6)
  2 hounds (D:5)
  5 orc priests
  4 gnoll boudas
  2 sleepcaps
  7 orc wizards
  3 iguanas
  Robin (D:3)
  33 gnolls
  10 adders
  2 shadow imps
  A white imp (D:7)
  5 dart slugs
  3 ribbon worms
  16 orcs
  7 ball pythons
  5 endoplasms
  4 giant cockroaches
  12 goblins
  15 hobgoblins
  6 quokkas
  6 bats
  3 frilled lizards
  12 kobolds
  7 rats
  A spectral kobold (D:9)
265 creatures vanquished.

Vanquished Creatures (others)
  A bombardier beetle (D:4)
1 creature vanquished.

Grand Total: 266 creatures vanquished

Notes
Turn   | Place    | Note
-------+----------+-------------------------------------------
     0 | D:1      | Eitelfritz the Hill Orc Fighter began the quest for the
                  | Orb.
     0 | D:1      | Reached XP level 1. HP: 19/19 MP: 1/1
   127 | D:1      | Reached XP level 2. HP: 27/27 MP: 2/2
   208 | D:1      | Reached skill level 3 in Axes
   574 | D:1      | Reached XP level 3. HP: 33/33 MP: 3/3
  1099 | D:2      | Reached skill level 4 in Axes
  1278 | D:2      | Reached XP level 4. HP: 40/40 MP: 4/4
  1511 | D:2      | Found an ornate altar of the Wu Jian Council.
  1814 | D:3      | Reached skill level 5 in Axes
  1881 | D:3      | Noticed Robin
  1888 | D:3      | Reached XP level 5. HP: 44/46 MP: 5/5
  1901 | D:3      | Killed Robin
  1926 | D:3      | Found an ancient bone altar of Kikubaaqudgha.
  2554 | D:3      | Reached XP level 6. HP: 51/53 MP: 6/6
  2573 | D:4      | Reached skill level 6 in Axes
  2640 | D:4      | Found a hide-covered altar of Uskayaw.
  3000 | D:4      | Found a shimmering altar of Xom.
  3175 | D:4      | Found a bloodstained altar of Trog.
  3672 | D:4      | Identified a scroll of acquirement
  3672 | D:4      | Acquired 1007 gold pieces
  3823 | D:5      | Entered Level 5 of the Dungeon
  3926 | D:5      | Reached XP level 7. HP: 60/60 MP: 7/7
  3942 | D:5      | Reached skill level 7 in Axes
  3954 | D:5      | Reached skill level 1 in Dodging
  3954 | D:5      | Reached skill level 5 in Shields
  4182 | D:5      | Reached skill level 5 in Fighting
  4187 | D:5      | Reached skill level 5 in Armour
  4242 | D:4      | Reached XP level 8. HP: 36/68 MP: 8/8
  4351 | D:5      | Reached skill level 8 in Axes
  5287 | D:6      | Reached skill level 9 in Axes
  5327 | D:6      | Found a staircase to the Ecumenical Temple.
  5497 | D:6      | Noticed Pikel
  5516 | D:6      | Killed Pikel
  5517 | D:6      | Reached skill level 10 in Axes
  5517 | D:6      | Reached XP level 9. HP: 73/75 MP: 9/9
  5948 | D:6      | Found a sparkling altar of Nemelex Xobeh.
  6010 | D:6      | Got Sif Muna's Quarto of the Crucible
  6175 | Temple   | Entered the Ecumenical Temple
  6176 | Temple   | Acquired 566 gold pieces
  6356 | D:7      | Found an ornate altar of the Wu Jian Council.
  6489 | D:7      | Reached skill level 11 in Axes
  6529 | D:7      | Found Subuzozumo's Weapon Shoppe.
  6545 | D:7      | Bought a +2 morningstar of flaming for 249 gold pieces
  6928 | D:8      | Reached skill level 1 in Stealth
  7113 | D:8      | Reached skill level 12 in Axes
  7113 | D:8      | Reached XP level 10. HP: 81/84 MP: 10/10
  7130 | D:8      | Found a stormy altar of Qazlal.
  7226 | D:8      | Found a broken altar of Ashenzari.
  7229 | D:8      | Found a radiant altar of Vehumet.
  7251 | D:8      | Found a blossoming altar of Fedhas.
  7254 | D:8      | Found a basalt altar of Yredelemnul.
  7258 | D:8      | Found a glowing silver altar of Zin.
  7264 | D:8      | Found a glowing golden altar of the Shining One.
  7272 | D:8      | Became a worshipper of Zin the Law-Giver
  7272 | D:8      | Reached * piety under Zin
  7272 | D:8      | Reached ** piety under Zin
  7371 | D:8      | Reached *** piety under Zin
  7372 | D:8      | Reached skill level 1 in Invocations
  7790 | D:9      | Noticed a kobold demonologist
  7801 | D:9      | Killed a kobold demonologist
  8299 | D:9      | Found a hazy altar of Hepliaklqana.
  8584 | D:9      | Reached skill level 13 in Axes
  8742 | D:10     | Entered Level 10 of the Dungeon
  8771 | D:10     | Reached skill level 5 in Invocations
  8775 | D:10     | Reached XP level 11. HP: 38/94 MP: 13/15
  8950 | D:10     | Noticed a two-headed ogre
  8956 | D:10     | Killed a two-headed ogre
  9515 | D:10     | Reached **** piety under Zin
  9567 | D:10     | Reached skill level 14 in Axes
  9866 | D:11     | Noticed a cyclops
  9873 | D:10     | Killed a cyclops
  9914 | D:11     | Found a staircase to the Orcish Mines.
 10061 | D:11     | You fall into a shaft and drop 1 floor!
 10066 | D:12     | Noticed a two-headed ogre
 10072 | D:12     | Killed a two-headed ogre
 10125 | D:12     | Annihilated by a titanic slime creature

Illustrated notes

Levels and vault maps discovered:
D:1:      grunt_arrival_crossed_arrows, layout_basic, minivault_24
D:2:      layout_loops_corners, basic_altar, minmay_distorted
D:3:      layout_loops_ring, mainiacjoe_overflow_surrounded_room,
          kennysheep_boxes, uniq_robin
D:4:      layout_cave_pods, nicolae_overflow_hidden_temple,
          general_overflow_altar, nicolae_uskayaw_murder_on_the_dancefloor
D:5:      layout_cave_pools
D:6:      layout_loops_corners, lemuel_coloured_pillars_altar,
          minmay_temple_entry_gardened_gates, minivault_14, uniq_pikel
D:7:      layout_cave_pools, mainiacjoe_overflow_small_starburst, serial_shops,
          shop
D:8:      layout_basic, nicolae_overflow_hallway_of_the_gods,
          grunt_qazlal_sundering, minmay_misc_feat_columns
D:9:      layout_loops_ring, nicolae_hepliaklqana_monster_ancestors
D:10:     layout_gridville, minmay_quadrilaterals
D:11:     layout_loops_cross, grunt_lair_entry_orc_guard_hut
D:12:     layout_irregular_city, nicolae_trove_entry_crossroad
Temple:   nicolae_temple_superstar

Skill      XL: |  1  2  3  4  5  6  7  8  9 10 11 |
---------------+----------------------------------+-----
Axes           | 3 4 5 6 7 10 12 13 14 | 14.6
Fighting       | 4 5 6 7 9 |  9.0
Shields        | 4 5 6 7 8 |  8.7
Armour         | 4 5 6 7 8 9 |  9.4
Dodging        | 1 2 |  2.8
Stealth        | 1 2 |  2.2
Invocations    | 5 7 |  7.3

Action                     |  1- 3 |  4- 6 |  7- 9 | 10-12 || total
---------------------------+-------+-------+-------+-------++-------
  Melee: War axe           |   103 |   185 |   211 |   238 ||   737
 Invoke: Recite            |       |       |       |     6 ||     6
    Use: Scroll            |       |    15 |     8 |     1 ||    24
         Potion            |       |       |     4 |       ||     4
   Stab: Distracted        |       |       |     2 |     4 ||     6
         Invisible         |       |       |       |     1 ||     1
 Armour: Scale mail        |    64 |    17 |       |       ||    81
         Chain mail        |       |   122 |   143 |    28 ||   293
         Plate armour      |       |       |       |   116 ||   116
  Dodge: Dodged            |    47 |    65 |   114 |   104 ||   330
  Block: Buckler           |    22 |    91 |   134 |   100 ||   347
         Reflection        |       |     5 |     1 |     7 ||    13
